 Dungeon Crawl Stone Soup version 0.31.0-11-ge490571c62 (webtiles) character file.

Game seed: 8808735982185518571

56 Arcadio the Cudgeller (level 3, -6/23 HPs)
             Began as a Gargoyle Gladiator on Feb 3, 2024.
             Killed by divine providence
             ... invoked by an orc priest
              (12 damage)
             ... on level 3 of the Dungeon.
             The game lasted 00:03:01 (1806 turns).

Arcadio the Cudgeller (Gargoyle Gladiator)          Turns: 1806, Time: 00:03:02

Health: -6/23      AC: 14    Str: 19    XL:     3   Next: 95%
Magic:  3/3        EV:  8    Int:  8    God:
Gold:   95         SH:  0    Dex: 11    Spells: 2/2 levels left

rFire   . . .        l - +0 trident (venom)
rCold   . . .        (no shield)
rNeg    + . .        f - +0 chain mail
rPois   ∞            c - +0 helmet
rElec   +            p - +0 cloak
rCorr   .            (no gloves)
SInv    .            (no boots)
Will    .....        (no amulet) Stlth
                     (no ring)
HPRegen 0.23/turn    (no ring)
MPRegen 0.08/turn

%: no passive effects
@: no status effects
A: sickness immunity, AC +3, negative energy resistance 1, electricity
resistance, torment resistance 1, petrification resistance
a: no special abilities


You were on level 3 of the Dungeon.
You visited 1 branch of the dungeon, and saw 3 of its levels.

You collected 95 gold pieces.

Inventory:

Hand Weapons
 a - a +0 flail
 l - a +0 trident of venom (weapon)
Missiles
 d - 3 throwing nets (quivered)
 e - a javelin
Armour
 b - a +0 leather armour
 c - a +0 helmet (worn)
 f - a +0 chain mail (worn)
 h - a scarf of resistance
 p - a +0 cloak (worn)
Scrolls
 i - a scroll of blinking {unknown}
 k - a scroll of summoning {unknown}
 m - a scroll of identify {unknown}
 n - a scroll of torment {unknown}
 q - a scroll of immolation {unknown}
Potions
 g - a potion of resistance {unknown}
 j - 2 potions of might {unknown}
 o - a potion of curing {unknown}
 r - a potion of cancellation {unknown}


   Skills:
 + Level 3.2 Fighting
 + Level 3.6 Maces & Flails
 - Level 1.7 Throwing
 + Level 1.9 Armour
 - Level 2.4 Dodging


You had 2 spell levels left.
You didn't know any spells.
Your spell library was empty.

Dungeon Overview and Level Annotations

Branches:
Dungeon (3/15)

Altars:


Innate Abilities, Weirdness & Mutations

You are immune to sickness and miasma.
Your stone body is resilient. (AC +3)
You are immune to poison.
You resist negative energy. (rN+)
You are resistant to electric shocks. (rElec)
You are resistant to unholy torment.
You are immune to petrification.


Message History

You hit the jackal.
The jackal is poisoned.
The jackal is heavily wounded.
You kill the jackal!
Things that are here:
a jackal corpse; a jackal corpse; a jackal corpse An orc priest and an orc come into view.
The orc priest shouts!
The orc shouts!
An orc comes into view. It is wielding a +0 falchion.
An orc comes into view. It is wielding a +0 flail.
The orc shouts!
The orc priest calls down the wrath of Beogh upon you.
Pain shoots through your body! The orc hits you with a +0 club.
You hit the orc.
The orc is poisoned.
The orc is severely wounded.
You kill the orc!
You closely miss the orc priest. Your punch misses the orc priest.
An orc comes into view. It is wielding a +0 dagger.
The orc shouts!
You hit the orc but do no damage. The orc hits you with a +0 flail.
You barely miss the orc. The orc closely misses you.
You hit the orc.
The orc is severely wounded.
The orc hits you with a +0 flail. The orc barely misses you.
You closely miss the orc.
The orc is severely wounded.
The orc hits you with a +0 flail.
You closely miss the orc.
The orc is severely wounded.
The orc hits you with a +0 flail.
You barely miss the orc.
The orc is severely wounded.
The orc hits you with a +0 flail.
The orc priest calls upon Beogh to heal the orc.
The orc is healed somewhat.
The orc attacks as it pursues you! The orc barely misses you.
The orc priest invokes the aid of Beogh against you.
Beogh smites you!
Ouch! That really hurt!
You die...

.. ... ... # #.# #.
#.########## ##.
#.#.........
#...######.#.########
...)...o.....#
......####@#.#
......oo.o.#.########
#.|.########.........
# #.######## #.# #.#
#.# #.# ### #.#


You could see an orc priest and 3 orcs.

Vanquished Creatures
  An adder (D:2)
  An orc (D:3)
  2 ball pythons
  A bat (D:1)
  4 endoplasms (D:2)
  2 giant cockroaches
  5 goblins
  2 hobgoblins (D:1)
  4 jackals (D:3)
  3 quokkas
  3 frilled lizards
  10 kobolds
  4 rats
42 creatures vanquished.

Notes
Turn   | Place    | Note
-------+----------+-------------------------------------------
     0 | D:1      | Arcadio the Gargoyle Gladiator began the quest for the Orb.
     0 | D:1      | Reached XP level 1. HP: 12/12 MP: 1/1
   274 | D:1      | Reached XP level 2. HP: 18/18 MP: 2/2
   290 | D:1      | Reached skill level 1 in Armour
   921 | D:2      | Reached XP level 3. HP: 21/22 MP: 3/3
  1806 | D:3      | Killed from afar by an orc priest

Illustrated notes

Levels and vault maps discovered:
D:1:      dpeg_arrival_arbitrary_c, layout_basic, amcnicky_mini_pool_small,
          nicolae_titane
D:2:      layout_loops_corners
D:3:      layout_loops_ring, lemuel_crystal_altar, serial_shops, shop

Skill      XL: |  1  2  3 |
---------------+----------+-----
Armour         | 1 |  1.9
Fighting       | 3 |  3.2
Maces & Flails | |  3.6
Throwing       | |  1.7
Dodging        | |  2.4

Action                     || total
---------------------------++-------
  Melee: Flail             ||    28
         Trident           ||    74
 Armour: Chain mail        ||    80
  Dodge: Dodged            ||    39
